 Dungeon Crawl Stone Soup version 0.21-a0-434-g806c6c2 (webtiles) character file.

75803 Gorglomux the Nimble (level 15, 0/115 HPs)
             Began as a Gnoll Arcane Marksman on Nov 5, 2017.
             Was a High Priest of Okawaru.
             Slain by a tentacled starspawn (20 damage)
             ... on level 2 of the Abyss on Nov 8, 2017.
             The game lasted 01:42:10 (30307 turns).

Gorglomux the Nimble (Gnoll Arcane Marksman)       Turns: 30307, Time: 01:42:10

Health: 0/115      AC: 21    Str: 15 (16) XL:     15   Next: 51%
Magic:  11/23      EV: 16    Int: 19      God:    Okawaru [*****.]
Gold:   862        SH:  7    Dex: 15 (17) Spells: 22/34 levels left

rFire    + . .     SeeInvis .   w - +6 demon trident (flame)
rCold    . . .     Gourm    .   v - +0 buckler
rNeg     . . .     Faith    .   F - +2 troll leather armour {Snorg}
rPois    .         Spirit   .   Y - +3 helmet "Edokhef" {god gift, Dex+2}
rElec    .         Reflect  .   E - +2 cloak
rCorr    .         Harm     .   L - +1 pair of gloves
MR       ++...                  K - +2 pair of boots
Stlth    ++++......             (no amulet)
HPRegen  0.69/turn              m - ring of protection from magic
MPRegen  0.18/turn              f - ring of protection from fire

@: about to teleport, hasted, constricted, very quick
A: distributed training, fangs 1, [blurry vision 1], [deterioration 2], [low mp
2], strong nose
a: Heroism, Finesse, Renounce Religion


You were on level 2 of the Abyss.
You worshipped Okawaru.
Okawaru was extremely pleased with you.
You were not hungry.

You visited 2 branches of the dungeon, and saw 19 of its levels.
You visited the Abyss 1 time.
You also visited: Volcano.

You collected 1160 gold pieces.
You spent 298 gold pieces at shops.

Inventory:

Hand Weapons
 a - a +2 hunting sling of flaming {god gift}
 b - a +2 long sword of draining {god gift}
 w - a +6 demon trident of flaming (weapon)
 C - a +0 dagger of electrocution
Missiles
 d - 170 sling bullets
Armour
 v - a +0 buckler (worn)
 E - a +2 cloak (worn)
 F - a +2 troll leather armour (worn) {Snorg}
 K - a +2 pair of boots (worn)
 L - a +1 pair of gloves (worn)
 Y - the +3 helmet "Edokhef" (worn) {god gift, Dex+2}
   (Okawaru gifted it to you on level 6 of the Lair of Beasts)

   It affects your dexterity (+2).
Jewellery
 c - an uncursed ring of protection from cold
 f - a ring of protection from fire (right hand)
 g - an uncursed ring of resist corrosion
 m - a ring of protection from magic (left hand)
Wands
 e - a wand of paralysis (21/24)
 q - a wand of iceblast (10/15)
 u - a wand of iceblast (7/15)
 D - a wand of digging (9/24)
 G - a wand of paralysis (12/24)
 I - a wand of iceblast (4/15)
 N - a wand of polymorph (16/24)
 P - a wand of paralysis (4/24)
Scrolls
 k - 2 scrolls of fog
 n - a scroll of enchant armour
 y - 4 scrolls of remove curse
 A - 3 scrolls of recharging
 H - 2 scrolls of immolation
 M - 3 scrolls of magic mapping
 R - 7 scrolls of identify
 T - 10 scrolls of teleportation
 X - a scroll of summoning
Potions
 h - a potion of mutation {!q}
 r - a potion of cancellation
 s - 3 potions of lignification
 x - 6 potions of might
 B - a potion of resistance
 J - 2 potions of agility
 O - 4 potions of haste
 Q - 6 potions of curing
 S - 2 potions of ambrosia
 U - 5 potions of brilliance
 V - a potion of flight
Books
 l - a book of Power

   Spells                             Type                      Level
   a - Iskenderun's Battlesphere      Conjuration/Charms           5
   b - Venom Bolt                     Conjuration/Poison           5
   c - Bolt of Magma                  Conjuration/Fire/Earth       5
   d - Iron Shot                      Conjuration/Earth            6
   e - Orb of Destruction             Conjuration                  7
   f - Spellforged Servitor           Conjuration/Summoning        7
Miscellaneous
 W - a sack of spiders
Comestibles
 j - 7 royal jellies
 o - 22 fruits
 p - 14 bread rations
 z - 10 meat rations


   Skills:
 + Level 10.3 Fighting
 + Level 9.9 Short Blades
 + Level 9.9 Long Blades
 + Level 9.9 Axes
 + Level 9.9 Maces & Flails
 + Level 9.9 Polearms
 + Level 9.9 Staves
 + Level 10.9 Slings
 + Level 9.9 Bows
 + Level 9.9 Crossbows
 + Level 9.9 Throwing
 + Level 9.9 Armour
 + Level 10.9 Dodging
 + Level 9.9 Stealth
 + Level 9.9 Shields
 + Level 9.9 Unarmed Combat
 + Level 10.3 Spellcasting
 + Level 8.3 Conjurations
 + Level 10.0 Hexes
 + Level 8.3 Charms
 + Level 8.3 Summonings
 + Level 8.3 Necromancy
 + Level 8.3 Translocations
 + Level 8.3 Transmutations
 + Level 8.3 Fire Magic
 + Level 8.3 Ice Magic
 + Level 8.3 Air Magic
 + Level 8.3 Earth Magic
 + Level 8.3 Poison Magic
 + Level 10.8 Invocations
 + Level 9.9 Evocations


You had 22 spell levels left.
You knew the following spells:

 Your Spells              Type           Power        Failure   Level  Hunger
a - Corona                Hex            #####..      1%          1    None
b - Cause Fear            Hex            #####.....   1%          4    ##.....
j - Portal Projectile     Hex/Tloc       #####.       1%          3    None
o - Apportation           Tloc           #####.       1%          1    None
x - Confuse               Hex            #####...     1%          3    None


Dungeon Overview and Level Annotations

Branches:
Dungeon (13/15)            Temple (0/1) D:6            Lair (6/6) D:8
 Shoals (0/4) Lair:3       Spider (0/4) Lair:2        Slime (0/5) Lair:5
    Orc (0/2) D:9
 Vaults: D:13-14

Altars:
Cheibriados
Dithmenos
Kikubaaqudgha
Nemelex Xobeh
Okawaru
Qazlal
Ru
Sif Muna
Uskayaw
Xom
Zin
Beogh

Shops:
D:5 (   D:6 }[

Annotations:
D:10 Erolcha
Lair:1 2 transporters
Lair:3 exclusion: 2 doors


Innate Abilities, Weirdness & Mutations

Your experience applies equally to all skills.
You have very sharp teeth.
Your uncanny sense of smell can sniff out nearby items.
[Scrolls take you a little longer to read.]
[Your body often deteriorates upon taking damage.]
[Your magical capacity is very low. (-20% MP)]


Message History

The raiju closely misses the swamp drake!
The tentacled starspawn bites you!!! * * * don't die
* * * Your body deteriorates!!!
You feel weakened!
The tentacled starspawn engulfs you! * * * don't butt
* * * The worldbinder hits you butt does no damage!
The worldbinder hits you but butts butt damage!
Butt command!
Unknown command!
You barely miss the worldbinder!
You bite the worldbinder, but do no damage!
The large abomination hits you!!! * * * don't die
* * * The starspawn tentacle constricts you!
Unknown command!
Unknown butt!
You feel better! You block the worldbinder's attack!
The worldbinder barely misses you!
The butt starspawn bites you!!!!!! rip .....#... 8.....h#. . ## . ...XhX... . . .
GX#.h## . ### # .. .xshk.

# .. # ..#.###wXy#
..#.# .
.....ยง.Xx#######. ..#
......Xw@Xy.'.......##
...# .########.. .###
# #.#. .#... . #
#.#...X. ## . #. ....
... #..#.#.. #.. #.#
.##### # . ###....
.#.. .#


You could see 3 starcursed masses, a tentacled starspawn, a thrashing horror, 2
large abominations, an orb spider, a worldbinder, an eye of draining, 4 raiju, a
swamp drake, 2 vampire mosquitoes, a small abomination and 2 starspawn
tentacles.

Vanquished Creatures
  A tentacled starspawn (Abyss:2)
  Kirke (D:13)
  A starcursed mass (Abyss:2)
  A lorocyproca (Abyss:2)
  A dire elephant (Lair:6)
  Snorg (Lair:6)
  Fannar (D:10)
  3 vault guards (D:12)
  4 two-headed ogres
  2 tengu warriors (D:13)
  A centaur warrior (D:13)
  7 hydras
  A catoblepas (Lair:6)
  3 death yaks
  A thrashing horror (Abyss:2)
  A wretched star (Abyss:2)
  2 lindwurms (Lair:6)
  A wizard (D:12)
  2 deep elf magi (D:12)
  3 manticores
  2 elephants (Lair:6)
  4 black mambas
  A gargoyle (D:11)
  A torpor snail (Lair:6)
  2 centaur skeletons (D:11)
  11 spiny frogs
  2 rime drakes (Lair:6)
  6 komodo dragons
  An efreet (Volcano)
  A troll (D:9)
  3 polar bears (Lair:5)
  A wind drake (shapeshifter) (D:13)
  6 slime creatures
  5 hornets
  2 raiju (Abyss:2)
  13 hippogriffs
  10 blink frogs
  3 dream sheep (Lair:6)
  4 redbacks (Lair:6)
  A spriggan (Lair:5)
  A vampire (D:12)
  3 fire elementals (Volcano)
  6 basilisks
  13 wyverns
  66 yaks
  19 humans
  2 hungry ghosts
  A steam dragon (Lair:2)
  2 vampire mosquitoes (D:13)
  2 soldier ants
  An acid dragon (shapeshifter) (D:12)
  25 water moccasins
  12 porcupines
  2 hell hounds (Lair:5)
  4 orc warriors
  2 ice beasts
  6 black bears
  3 phantoms
  An eye of draining (D:13)
  An ogre (D:4)
  7 centaurs
  3 necrophages
  The ghost of theanonym the Poker, an amateur MfGl (D:3)
  12 wolves
  11 crocodiles
  A big kobold (D:7)
  11 bullfrogs
  A small abomination (Abyss:2)
  2 earth elementals (Volcano)
  2 scorpions
  11 wights
  66 killer bees
  2 electric eels (Lair:3)
  4 centaur zombies
  10 crimson imps
  A quasit (D:8)
  2 jellies
  8 orc priests
  14 orc wizards
  8 hounds
  A gnoll shaman (D:8)
  A bullfrog skeleton (D:9)
  6 iguanas
  Crazy Yiuf (D:7)
  11 worker ants
  2 hell rats (Lair:2)
  A hound skeleton (D:5)
  11 gnolls
  2 howler monkey skeletons
  5 river rats (Lair:2)
  11 adders
  4 shadow imps
  An ufetubus (Abyss:2)
  3 adder skeletons
  2 worms (D:2)
  A dart slug (D:2)
  8 leopard geckos
  57 orcs
  A ball python (D:5)
  6 bats
  11 giant cockroaches
  6 goblins
  4 hobgoblins
  12 jackals
  4 quokkas
  10 frilled lizards
  A giant cockroach zombie (D:6)
  A jackal zombie (D:5)
  12 kobolds
  2 quokka skeletons
  8 rats
  A fungus (D:7)
673 creatures vanquished.

Vanquished Creatures (collateral kills)
  A lich (Abyss:2)
  A death yak (Lair:2)
  A porcupine (Lair:2)
  A hell rat (Lair:2)
  A river rat (Lair:2)
5 creatures vanquished.

Vanquished Creatures (others)
  The ghost of zorance the Cudgeler, an amateur NaWr (D:4)
  3 humans (D:13)
  2 centaurs (D:13)
  A bush (Lair:6)
  46 fungi
  70 plants
  4 starspawn tentacles (Abyss:2)
127 creatures vanquished.

Grand Total: 805 creatures vanquished

Notes
Turn   | Place    | Note
-------+----------+-------------------------------------------
     0 | D:1      | Gorglomux the Gnoll Arcane Marksman began the quest for the Orb.
     0 | D:1      | Reached XP level 1. HP: 17/17 MP: 4/4
   153 | D:1      | Reached XP level 2. HP: 23/23 MP: 5/5
   904 | D:2      | Reached XP level 3. HP: 28/28 MP: 7/7
  1076 | D:2      | Learned a level 3 spell: Portal Projectile
  1270 | D:2      | Reached skill level 1 in Invocations
  1344 | D:2      | Found a stormy altar of Qazlal.
  1473 | D:2      | Reached skill level 1 in Short Blades
  1473 | D:2      | Reached skill level 1 in Long Blades
  1473 | D:2      | Reached skill level 1 in Axes
  1473 | D:2      | Reached skill level 1 in Maces & Flails
  1473 | D:2      | Reached skill level 1 in Polearms
  1473 | D:2      | Reached skill level 1 in Staves
  1473 | D:2      | Reached skill level 1 in Bows
  1473 | D:2      | Reached skill level 1 in Crossbows
  1473 | D:2      | Reached skill level 1 in Throwing
  1473 | D:2      | Reached skill level 1 in Armour
  1473 | D:2      | Reached skill level 1 in Stealth
  1473 | D:2      | Reached skill level 1 in Shields
  1473 | D:2      | Reached skill level 1 in Unarmed Combat
  1473 | D:2      | Reached skill level 1 in Evocations
  1515 | D:2      | Reached XP level 4. HP: 34/34 MP: 8/8
  2112 | D:2      | Reached skill level 3 in Spellcasting
  2333 | D:3      | Reached skill level 1 in Conjurations
  2333 | D:3      | Reached skill level 1 in Charms
  2333 | D:3      | Reached skill level 1 in Summonings
  2333 | D:3      | Reached skill level 1 in Necromancy
  2333 | D:3      | Reached skill level 1 in Translocations
  2333 | D:3      | Reached skill level 1 in Transmutations
  2333 | D:3      | Reached skill level 1 in Fire Magic
  2333 | D:3      | Reached skill level 1 in Ice Magic
  2333 | D:3      | Reached skill level 1 in Air Magic
  2333 | D:3      | Reached skill level 1 in Earth Magic
  2333 | D:3      | Reached skill level 1 in Poison Magic
  2397 | D:3      | Reached XP level 5. HP: 29/40 MP: 4/9
  2576 | D:3      | Reached skill level 3 in Fighting
  2922 | D:3      | Found an ancient bone altar of Kikubaaqudgha.
  2967 | D:3      | Found a sacrificial altar of Ru.
  3218 | D:3      | Noticed theanonym's ghost (amateur MfGl)
  3265 | D:3      | Killed theanonym's ghost
  3265 | D:3      | Reached XP level 6. HP: 29/47 MP: 8/11
  3571 | D:4      | Killed zorance's ghost
  3728 | D:4      | Found a hide-covered altar of Uskayaw.
  3798 | D:3      | Reached XP level 7. HP: 13/52 MP: 10/12
  4111 | D:4      | Learned a level 4 spell: Cause Fear
  4592 | D:4      | Found a deep blue altar of Sif Muna.
  4901 | D:4      | Found a sparkling altar of Nemelex Xobeh.
  4959 | D:5      | Entered Level 5 of the Dungeon
  5051 | D:5      | Found Zafaoq's Weapon Boutique.
  5473 | D:5      | Reached skill level 3 in Invocations
  5491 | D:5      | Reached XP level 8. HP: 59/60 MP: 11/14
  5673 | D:5      | Reached skill level 6 in Hexes
  5967 | D:5      | Found a stormy altar of Qazlal.
  6354 | D:6      | Found Ope Runu's Armour Shoppe.
  6626 | D:6      | Reached skill level 3 in Short Blades
  6626 | D:6      | Reached skill level 3 in Long Blades
  6626 | D:6      | Reached skill level 3 in Axes
  6626 | D:6      | Reached skill level 3 in Maces & Flails
  6626 | D:6      | Reached skill level 3 in Polearms
  6626 | D:6      | Reached skill level 3 in Staves
  6626 | D:6      | Reached skill level 3 in Bows
  6626 | D:6      | Reached skill level 3 in Crossbows
  6626 | D:6      | Reached skill level 3 in Throwing
  6626 | D:6      | Reached skill level 3 in Armour
  6626 | D:6      | Reached skill level 3 in Stealth
  6626 | D:6      | Reached skill level 3 in Shields
  6626 | D:6      | Reached skill level 3 in Unarmed Combat
  6626 | D:6      | Reached skill level 3 in Evocations
  7231 | D:6      | Found Tonin's Gadget Boutique.
  7237 | D:6      | Bought a wand of paralysis (14/24) for 208 gold pieces
  7409 | D:6      | Found an iron altar of Okawaru.
  7414 | D:6      | Became a worshipper of Warmaster Okawaru
  7698 | D:6      | Found a shimmering altar of Xom.
  7782 | D:6      | Found a staircase to the Ecumenical Temple.
  7925 | D:7      | Reached skill level 3 in Conjurations
  7925 | D:7      | Reached skill level 3 in Charms
  7925 | D:7      | Reached skill level 3 in Summonings
  7925 | D:7      | Reached skill level 3 in Necromancy
  7925 | D:7      | Reached skill level 3 in Translocations
  7925 | D:7      | Reached skill level 3 in Transmutations
  7925 | D:7      | Reached skill level 3 in Fire Magic
  7925 | D:7      | Reached skill level 3 in Ice Magic
  7925 | D:7      | Reached skill level 3 in Air Magic
  7925 | D:7      | Reached skill level 3 in Earth Magic
  7925 | D:7      | Reached skill level 3 in Poison Magic
  7935 | D:7      | Reached skill level 6 in Slings
  7935 | D:7      | Reached skill level 6 in Dodging
  7935 | D:7      | Reached XP level 9. HP: 51/66 MP: 4/16
  8232 | D:7      | Reached * piety under Okawaru
  8949 | D:7      | Found a shadowy altar of Dithmenos.
  9112 | D:7      | Found a runed door.
  9118 | D:7      | Noticed Crazy Yiuf
  9132 | D:7      | Killed Crazy Yiuf
  9510 | D:8      | Reached ** piety under Okawaru
  9535 | D:8      | Reached XP level 10. HP: 71/74 MP: 10/18
  9577 | D:8      | Found a staircase to the Lair.
  9738 | D:8      | Noticed a two-headed ogre
  9742 | D:8      | Noticed a two-headed ogre
  9796 | D:8      | Found a glowing silver altar of Zin.
  9809 | D:8      | Found Zin's Purification Station.
  9855 | D:8      | Bought a potion of curing for 90 gold pieces
  9972 | D:8      | Killed a two-headed ogre
  9972 | D:8      | Reached *** piety under Okawaru
  9972 | D:8      | Received a gift from Okawaru
  9972 | D:8      | Reached skill level 6 in Spellcasting
 10155 | D:8      | Killed a two-headed ogre
 10155 | D:8      | Reached skill level 6 in Fighting
 10155 | D:8      | Reached skill level 6 in Invocations
 11127 | D:9      | Reached XP level 11. HP: 47/82 MP: 20/20
 11312 | D:9      | Found a staircase to the Orcish Mines.
 11378 | D:9      | Reached **** piety under Okawaru
 11753 | D:9      | Reached skill level 6 in Short Blades
 11753 | D:9      | Reached skill level 6 in Long Blades
 11753 | D:9      | Reached skill level 6 in Axes
 11753 | D:9      | Reached skill level 6 in Maces & Flails
 11753 | D:9      | Reached skill level 6 in Polearms
 11753 | D:9      | Reached skill level 6 in Staves
 11753 | D:9      | Reached skill level 6 in Bows
 11753 | D:9      | Reached skill level 6 in Crossbows
 11753 | D:9      | Reached skill level 6 in Throwing
 11753 | D:9      | Reached skill level 6 in Armour
 11753 | D:9      | Reached skill level 6 in Stealth
 11753 | D:9      | Reached skill level 6 in Shields
 11753 | D:9      | Reached skill level 6 in Unarmed Combat
 11753 | D:9      | Reached skill level 6 in Evocations
 12220 | D:9      | Found a roughly hewn altar of Beogh.
 12521 | D:10     | Entered Level 10 of the Dungeon
 12603 | D:10     | Noticed Erolcha
 13060 | D:10     | Noticed Fannar
 13299 | D:10     | Killed Fannar
 13299 | D:10     | Received a gift from Okawaru
 13672 | D:10     | Received a gift from Okawaru
 14067 | D:11     | Noticed a two-headed ogre
 14080 | D:11     | Killed a two-headed ogre
 14107 | D:11     | Reached ***** piety under Okawaru
 14313 | D:11     | Paralysed by a hornet for 3 turns
 14720 | D:11     | Noticed a two-headed ogre
 14766 | D:11     | Killed a two-headed ogre
 14766 | D:11     | Reached XP level 12. HP: 91/91 MP: 21/23
 16001 | Lair:1   | Entered Level 1 of the Lair of Beasts
 16014 | Lair:1   | Learned a level 1 spell: Apportation
 16214 | Lair:1   | Received a gift from Okawaru
 16491 | Lair:1   | Noticed a seven-headed hydra
 16527 | Lair:1   | Killed a seven-headed hydra
 16605 | Lair:1   | Received a gift from Okawaru
 16866 | Lair:1   | Found a transporter.
 16898 | Lair:1   | Reached skill level 6 in Conjurations
 16898 | Lair:1   | Reached skill level 6 in Charms
 16898 | Lair:1   | Reached skill level 6 in Summonings
 16898 | Lair:1   | Reached skill level 6 in Necromancy
 16898 | Lair:1   | Reached skill level 6 in Translocations
 16898 | Lair:1   | Reached skill level 6 in Transmutations
 16898 | Lair:1   | Reached skill level 6 in Fire Magic
 16898 | Lair:1   | Reached skill level 6 in Ice Magic
 16898 | Lair:1   | Reached skill level 6 in Air Magic
 16898 | Lair:1   | Reached skill level 6 in Earth Magic
 16898 | Lair:1   | Reached skill level 6 in Poison Magic
 17074 | Lair:1   | Found a transporter.
 17516 | Lair:2   | Noticed a death yak
 17535 | Lair:2   | Killed a death yak
 17649 | Lair:2   | Found a hole to the Spider Nest.
 17787 | Lair:2   | Received a gift from Okawaru
 17835 | Lair:2   | Found a snail-covered altar of Cheibriados.
 18341 | Lair:2   | Reached skill level 9 in Slings
 18341 | Lair:2   | Reached skill level 9 in Dodging
 19288 | Lair:2   | Reached XP level 13. HP: 98/98 MP: 25/25
 19850 | Lair:3   | Received a gift from Okawaru
 20512 | Lair:3   | Received a gift from Okawaru
 20561 | Lair:3   | Found a staircase to the Shoals.
 21442 | Lair:4   | Reached skill level 9 in Invocations
 22336 | Lair:5   | Found a dark tunnel.
 22349 | Volcano  | Entered a volcano
 22933 | Lair:5   | Reached skill level 9 in Hexes
 23078 | Lair:5   | Found a staircase to the Slime Pits.
 23122 | Lair:5   | Received a gift from Okawaru
 23140 | Lair:5   | Reached skill level 9 in Spellcasting
 23460 | Lair:5   | Reached skill level 9 in Fighting
 23475 | Lair:5   | Received a gift from Okawaru
 23845 | Lair:6   | Entered Level 6 of the Lair of Beasts
 24261 | Lair:6   | Reached XP level 14. HP: 94/108 MP: 27/27
 24363 | Lair:6   | Received a gift from Okawaru
 24447 | Lair:6   | Identified the +4 scale mail of Nawni {*Slow rPois Dex+3} (You found it on level 6 of the Lair of Beasts)
 24960 | Lair:6   | Received a gift from Okawaru
 24992 | Lair:6   | Noticed Snorg
 25014 | Lair:6   | Killed Snorg
 25141 | Lair:6   | Paralysed by a hornet for 3 turns
 25341 | Lair:6   | Reached skill level 9 in Short Blades
 25341 | Lair:6   | Reached skill level 9 in Long Blades
 25341 | Lair:6   | Reached skill level 9 in Axes
 25341 | Lair:6   | Reached skill level 9 in Maces & Flails
 25341 | Lair:6   | Reached skill level 9 in Polearms
 25341 | Lair:6   | Reached skill level 9 in Staves
 25341 | Lair:6   | Reached skill level 9 in Bows
 25341 | Lair:6   | Reached skill level 9 in Crossbows
 25341 | Lair:6   | Reached skill level 9 in Throwing
 25341 | Lair:6   | Reached skill level 9 in Armour
 25341 | Lair:6   | Reached skill level 9 in Stealth
 25341 | Lair:6   | Reached skill level 9 in Shields
 25341 | Lair:6   | Reached skill level 9 in Unarmed Combat
 25341 | Lair:6   | Reached skill level 9 in Evocations
 25385 | Lair:6   | Received a gift from Okawaru
 25402 | Lair:6   | Noticed a dire elephant
 26411 | Lair:6   | Killed a dire elephant
 26720 | Lair:6   | HP: 5/108 [death yak (9)]
 27089 | Lair:6   | Received a gift from Okawaru
 27128 | Lair:6   | Got a faintly humming helmet {god gift}
 27139 | Lair:6   | Identified the +3 helmet "Edokhef" {god gift, Dex+2} (Okawaru gifted it to you on level 6 of the Lair of Beasts)
 27308 | Lair:6   | Got a shimmering helmet
 27319 | Lair:6   | Identified the +1 helmet of the Final Eyes {Str+4} (You found it on level 6 of the Lair of Beasts)
 27875 | D:12     | Upgraded the game from 0.21-a0-426-g98080a9 to 0.21-a0-434-g806c6c2
 27981 | D:12     | Learned a level 3 spell: Confuse
 29049 | D:13     | Reached XP level 15. HP: 115/115 MP: 26/28
 29114 | D:13     | Noticed Kirke
 29135 | D:13     | Killed Kirke
 29498 | D:12     | Received a gift from Okawaru
 29794 | D:13     | Cast into level 2 of the Abyss (a wizard)
 29868 | Abyss:2  | Noticed a bone dragon
 29873 | Abyss:2  | Noticed a daeva
 30058 | Abyss:2  | Noticed a lich
 30064 | Abyss:2  | Noticed a tentacled starspawn
 30067 | Abyss:2  | Killed a lich
 30067 | Abyss:2  | Received a gift from Okawaru
 30068 | Abyss:2  | Found the +8 frozen axe "Frostbite" {god gift, freezing cloud, *Noise +Fly rC+}
 30084 | Abyss:2  | Killed a tentacled starspawn
 30291 | Abyss:2  | Noticed a tentacled starspawn
 30307 | Abyss:2  | Slain by a tentacled starspawn

Vault maps used:
D:1:      dpeg_arrival_shelter
D:2:      lemuel_doored_altar
D:3:      nicolae_overflow_crystal_walls, old_standard_altar, first_bread
D:4:      lemuel_round_altar, eat_drink_and_be_merry_uskayaw,
          nemelex_altar_shiori
D:5:      serial_shops, nicolae_shop_behind_doors,
          nicolae_qazlal_eye_of_the_storm
D:6:      nicolae_whirlpool, kennysheep_mini, kennysheep_little_box,
          minmay_temple_entry_overgrown, serial_shops, nicolae_shop_trees, shop,
          minivault_1
D:7:      grunt_dithmenos_shadows, uniq_crazy_yiuf_cottage
D:8:      zin_purify, due_lair_maze_entry_diamond
D:9:      minmay_orc_entry_temple_small
D:10:     uniq_fannar, uniq_erolcha
D:13:     grunt_vaults_entry_tiered, hangedman_ranch, uniq_kirke
Lair:1:   gammafunk_cloud_chamber, grunt_forest_large_clearing_hut
Lair:2:   wad_woods_minihive, dummy_spider_entry, basic_altar,
          kennysheep_abandoned_house
Lair:3:   cheibrodos_lair_overgrown_chateau, minmay_shoals_entry_beasts,
          serial_bayou, serial_bayou_lagoon_a, serial_bayou_pond_a,
          serial_bayou_pond_e, serial_bayou_pond_b, lemuel_fruit_tree,
          serial_bayou_shore_b
Lair:4:   hangedman_lair_generics_rect, infiniplex_staircase_pool_2
Lair:5:   minmay_slime_entry_oklob_open, enter_volcano_3,
          grunt_forest_stairs_clearing
Lair:6:   hangedman_lair_tendril_chambers, hangedman_lair_in_review,
          st_stairs_10, uniq_snorg
Abyss:2:  minivault_4
Volcano:  volcano_caves

Skill      XL: |  1  2  3  4  5  6  7  8  9 10 11 12 13 14 15 |
---------------+----------------------------------------------+-----
Invocations    | 1 2 3 4 5 6 7 8 9 10 | 10.8
Short Blades   | 1 2 3 4 5 6 7 8 9 |  9.9
Long Blades    | 1 2 3 4 5 6 7 8 9 |  9.9
Axes           | 1 2 3 4 5 6 7 8 9 |  9.9
Maces & Flails | 1 2 3 4 5 6 7 8 9 |  9.9
Polearms       | 1 2 3 4 5 6 7 8 9 |  9.9
Staves         | 1 2 3 4 5 6 7 8 9 |  9.9
Bows           | 1 2 3 4 5 6 7 8 9 |  9.9
Crossbows      | 1 2 3 4 5 6 7 8 9 |  9.9
Throwing       | 1 2 3 4 5 6 7 8 9 |  9.9
Armour         | 1 2 3 4 5 6 7 8 9 |  9.9
Stealth        | 1 2 3 4 5 6 7 8 9 |  9.9
Shields        | 1 2 3 4 5 6 7 8 9 |  9.9
Unarmed Combat | 1 2 3 4 5 6 7 8 9 |  9.9
Evocations     | 1 2 3 4 5 6 7 8 9 |  9.9
Spellcasting   | 3 4 5 6 7 8 9 10 | 10.3
Conjurations   | 1 2 3 4 5 6 7 8 |  8.3
Charms         | 1 2 3 4 5 6 7 8 |  8.3
Summonings     | 1 2 3 4 5 6 7 8 |  8.3
Necromancy     | 1 2 3 4 5 6 7 8 |  8.3
Translocations | 1 2 3 4 5 6 7 8 |  8.3
Transmutations | 1 2 3 4 5 6 7 8 |  8.3
Fire Magic     | 1 2 3 4 5 6 7 8 |  8.3
Ice Magic      | 1 2 3 4 5 6 7 8 |  8.3
Air Magic      | 1 2 3 4 5 6 7 8 |  8.3
Earth Magic    | 1 2 3 4 5 6 7 8 |  8.3
Poison Magic   | 1 2 3 4 5 6 7 8 |  8.3
Fighting       | 3 4 5 6 7 8 9 10 | 10.3
Slings         | 5 6 7 8 9 10 | 10.9
Dodging        | 5 6 7 8 9 10 | 10.9
Hexes          | 6 7 8 9 10 | 10.0

Action                   |  1- 3 |  4- 6 |  7- 9 | 10-12 | 13-15 || total
-------------------------+-------+-------+-------+-------+-------++-------
Melee: Spear             |       |     8 |       |       |       ||     8
       Trident           |       |       |    39 |    16 |       ||    55
       Bite              |       |       |    11 |   118 |   269 ||   398
       Dagger            |       |       |    76 |  1005 |   238 ||  1319
       Punch             |       |       |     3 |    20 |       ||    23
       Long sword        |       |       |       |       |   714 ||   714
       Scimitar          |       |       |       |       |   363 ||   363
       Demon trident     |       |       |       |       |   425 ||   425
 Fire: Hunting sling     |   140 |   230 |   598 |   748 |   235 ||  1951
Throw: Throwing net      |       |       |     1 |       |     1 ||     2
 Cast: Corona            |    13 |    19 |    46 |    41 |     2 ||   121
       Portal Projectile |     2 |     2 |     5 |     7 |     2 ||    18
       Cause Fear        |       |       |    15 |    21 |     9 ||    45
       Confuse           |       |       |       |       |    11 ||    11
Invok: Heroism           |       |       |     4 |    29 |    32 ||    65
       Finesse           |       |       |       |     3 |    16 ||    19
Evoke: Wand              |       |       |       |    10 |     8 ||    18
       Box of beasts     |       |       |       |     1 |       ||     1
       Sack of spiders   |       |       |       |       |     2 ||     2
  Use: Scroll            |       |     3 |     3 |    17 |    18 ||    41
       Potion            |       |     1 |       |     1 |     9 ||    11
 Stab: Sleeping          |       |       |     1 |     4 |    18 ||    23
       Paralysed         |       |       |       |     6 |    12 ||    18
       Petrified         |       |       |       |       |     5 ||     5
       Confused          |       |       |       |       |     4 ||     4
       Distracted        |       |       |       |       |     1 ||     1
       Petrifying        |       |       |       |       |     1 ||     1
       Held in net/web   |       |       |       |       |     1 ||     1
  Eat: Chunk             |     2 |     7 |    20 |    32 |    27 ||    88
       Fruit             |       |       |     1 |       |    12 ||    13
       Meat ration       |       |       |       |     1 |       ||     1
       Royal jelly       |       |       |       |       |     1 ||     1
Armor: Robe              |    13 |       |       |       |       ||    13
       Ring mail         |       |    37 |   102 |   318 |   166 ||   623
       Troll leather arm |       |       |       |       |   242 ||   242
       Chain mail        |       |       |       |       |    55 ||    55
Dodge: Dodged            |    42 |   111 |   278 |   702 |  1049 ||  2182
Block: Buckler           |       |       |       |   155 |   472 ||   627
       Rpst.: Long sword |       |       |       |       |   115 ||   115
       Scimitar          |       |       |       |       |    39 ||    39

Table legend:
 A = Spawn XP
 B = Non-spawn XP
 C = Spawn XP percentage of total XP
 D = Spawn monster count
 E = Non-spawn monster count
 F = Spawn count percentage of total count
 G = Total turns spent on level
                    A         B        C        D         E        F      G
               +---------+---------+-------+---------+---------+-------+---------
         Total |    3377 |  104913 |   3.1 |       5 |     671 |   0.7 | 30307
               +---------+---------+-------+---------+---------+-------+---------
           D:1 |       0 |      28 |   0.0 |       0 |      17 |   0.0 |   841
           D:2 |       0 |      69 |   0.0 |       0 |      33 |   0.0 |  1425
           D:3 |       0 |     341 |   0.0 |       0 |      31 |   0.0 |  1621
           D:4 |       0 |     487 |   0.0 |       0 |      23 |   0.0 |  1121
           D:5 |       0 |     356 |   0.0 |       0 |      18 |   0.0 |  1058
           D:6 |       0 |     911 |   0.0 |       0 |      25 |   0.0 |  1824
           D:7 |       0 |    1634 |   0.0 |       0 |      32 |   0.0 |  1573
           D:8 |       0 |    4732 |   0.0 |       0 |      49 |   0.0 |  1657
           D:9 |       0 |    3772 |   0.0 |       0 |      38 |   0.0 |  1470
          D:10 |       0 |    3394 |   0.0 |       0 |      29 |   0.0 |  1501
          D:11 |       0 |    5127 |   0.0 |       0 |      29 |   0.0 |  2034
          D:12 |       0 |   10570 |   0.0 |       0 |      44 |   0.0 |  1502
          D:13 |       0 |    8944 |   0.0 |       0 |      31 |   0.0 |   608
        Lair:1 |       0 |    5029 |   0.0 |       0 |      21 |   0.0 |  1421
        Lair:2 |       0 |    6366 |   0.0 |       0 |      78 |   0.0 |  2343
        Lair:3 |       0 |    6664 |   0.0 |       0 |      28 |   0.0 |  1159
        Lair:4 |       0 |    4135 |   0.0 |       0 |      15 |   0.0 |  1055
        Lair:5 |       0 |    9293 |   0.0 |       0 |      32 |   0.0 |  2426
        Lair:6 |       0 |   26540 |   0.0 |       0 |      87 |   0.0 |  2769
       Abyss:2 |    3377 |    5412 |  38.4 |       5 |       5 |  50.0 |   513
       Volcano |       0 |    1109 |   0.0 |       0 |       6 |   0.0 |   386
               +---------+---------+-------+---------+---------+-------+---------
